cohdb
Replays
Latest Replays
All Replays
Popular Replays
Top Player Replays
Match Explorer
How It Works
Community
CoH3 Stats
Reddit
Sign in to upload your games and track your stats! →
Sign in with Steam
Match 46385990
Unlisted
Match 46385990
Overview
Messages
Build Orders
End
Engineer Squad
Selects Special Operations Battlegroup
Selects M29 Weasel Recon Vehicle
M29 Weasel Recon Vehicle
Construct Weapon Support Center
M1919 Machine Gun Team
M1919 Machine Gun Team
Infantry Support Center
Construct Medical Station
M3 Armored Personnel Carrier
Selects Raiding Flares
Selects SSF Commando Squad
SSF Commando Squad
SSF Commando Squad
JBQuib
FeriG
0
0
Comments
sign in to comment!
No comments posted yet!